 Dungeon Crawl Stone Soup version 0.21.1-1-g345015f (webtiles) character file.

32 Tarasboulda the Caller (level 3, -1/24 HPs)
             Began as a Merfolk Summoner on June 3, 2018.
             Succumbed to an adder's poison
             ... on level 1 of the Dungeon.
             The game lasted 00:13:34 (2534 turns).

Tarasboulda the Caller (Merfolk Summoner)           Turns: 2534, Time: 00:13:35

Health: -1/24      AC:  6    Str:  6 (8)  XL:     3   Next: 27%
Magic:  3/6        EV: 13    Int: 12 (15) God:
Gold:   141        SH:  0    Dex: 13 (14) Spells: 0/6 levels left

rFire    . . .     SeeInvis .   f - +0 dagger
rCold    . . .     Gourm    .   (no shield)
rNeg     . . .     Faith    .   k - +2 animal skin
rPois    .         Spirit   .   l - +1 helmet
rElec    .         Reflect  .   (no cloak)
rCorr    .         Harm     .   (no gloves)
MR       .....                  (no boots)
Stlth    ++........             (no amulet)
HPRegen  0.08/turn              (no ring)
MPRegen  0.10/turn              (no ring)

@: lethally poisoned (-1 -> -19)
A: change form in water, swift swim, stealthy swim
a: no special abilities


You were on level 1 of the Dungeon.
You were near starving.

You visited 1 branch of the dungeon, and saw 2 of its levels.

You collected 141 gold pieces.

Inventory:

Hand Weapons
 e - a +0 club
 f - a +0 dagger (weapon)
 j - a +1 vampiric dagger
Armour
 a - a +0 robe
 h - a +0 robe
 k - a +2 animal skin (worn)
 l - a +1 helmet (worn)
Jewellery
 d - an uncursed ring of ice {unknown}
Potions
 m - a potion of degeneration
Books
 b - a book of Callings

   Spells                             Type                      Level
   a - Summon Small Mammal            Summoning                    1
   b - Call Imp                       Summoning                    2
   c - Call Canine Familiar           Summoning                    3
   d - Summon Guardian Golem          Hexes/Summoning              3
   e - Summon Lightning Spire         Summoning/Air                4
   f - Summon Ice Beast               Ice/Summoning                4
Comestibles
 c - 2 rations


   Skills:
 + Level 3.2 Dodging
 + Level 2.4 Stealth
 + Level 2.3 Spellcasting
 + Level 4.4 Summonings


You couldn't memorise any spells.
You knew the following spells:

 Your Spells              Type           Power        Failure   Level  Hunger
a - Summon Small Mammal   Summ           ##..         4%          1    ##.....
b - Call Imp              Summ           ##......     6%          2    ###....
c - Summon Guardian Gole  Hex/Summ       #.......     30%         3    ####...


Dungeon Overview and Level Annotations

Branches:
Dungeon (2/15)

Altars:
Ashenzari


Message History

The adder is lightly wounded.
You feel sick. The adder bites you but does no damage.
You feel sick.
You closely miss the adder. The adder bites you.
* * * LOW HITPOINT WARNING * * *
You are more poisoned.
The adder poisons you! The adder bites you.
* * * LOW HITPOINT WARNING * * *
You are more poisoned.
The adder poisons you!
* * * LOW HITPOINT WARNING * * *
You feel sick.
Found 9 gold pieces.
* * * LOW HITPOINT WARNING * * *
You feel sick.
Okay, then.
It was a potion of degeneration.
There was something very wrong with that liquid.
You feel weakened.
You feel dopey.
You feel clumsy.
You die...

........###.......#.........####
#.............##......
##............##......
#........... ##..... #......##..
#..... #...#..# ## . ##....
#####...##.####.. .......
.........#......$ ###.##.
........@....# # ...
........S..#.# #####.
...........#.# .. #.
.......(.8.# #. ##. ...........#
#. ##.##(. ...........#
##.##...... ..........##
#......###. .........##
#.#........ ..#####.##
#.#..##'##.


You could see an adder and a friendly guardian golem.

Vanquished Creatures
  3 goblins (D:2)
  A hobgoblin (D:2)
  A bat (D:2)
  2 kobolds
  A rat (D:2)
8 creatures vanquished.

Vanquished Creatures (collateral kills)
  Robin (D:2)
  A dart slug (D:1)
  A leopard gecko (D:1)
  12 goblins
  4 hobgoblins
  3 jackals (D:1)
  3 kobolds (D:1)
  A bat (D:1)
  A rat (D:1)
27 creatures vanquished.

Grand Total: 35 creatures vanquished

Notes
Turn   | Place    | Note
-------+----------+-------------------------------------------
     0 | D:1      | Tarasboulda the Merfolk Summoner began the quest for the Orb.
     0 | D:1      | Reached XP level 1. HP: 13/13 MP: 3/3
    72 | D:1      | Found a shattered altar of Ashenzari.
   812 | D:1      | Reached XP level 2. HP: 15/19 MP: 0/5
   819 | D:1      | Learned a level 2 spell: Call Imp
  1800 | D:1      | You fall through a shaft!
  1895 | D:2      | Noticed Robin
  1982 | D:2      | Reached XP level 3. HP: 11/24 MP: 0/6
  1984 | D:2      | Killed Robin
  2165 | D:2      | Learned a level 3 spell: Summon Guardian Golem
  2533 | D:1      | HP: 1/24 [poisoned by an adder]
  2534 | D:1      | Succumbed to an adder's poison

Skill      XL: |  1  2 |
---------------+-------+-----
Dodging        | 3 |  3.2
Stealth        | |  2.4
Spellcasting   | |  2.3
Summonings     | |  4.4

Action                   || total
-------------------------++-------
Melee: Unarmed           ||    27
       Dagger            ||    49
 Cast: Summon Small Mamm ||    20
       Call Imp          ||    18
       Summon Guardian G ||     4
  Use: Scroll            ||     6
       Potion            ||     2
 Stab: Distracted        ||     1
  Eat: Chunk             ||     2
       Ration            ||     1
Armor: Robe              ||    20
       Animal skin       ||    19
Dodge: Dodged            ||    80
